 Dungeon Crawl Stone Soup version 0.29-a0-824-gd827844252 (webtiles) character file.

Game seed: 6994784278930530180

360 pokeman the Magician (level 6, 0/34 HPs)
             Began as a Deep Elf Hedge Wizard on July 10, 2022.
             Killed from afar by Pikel (24 damage)
             ... with a bolt of dispelling energy
             ... on level 4 of the Dungeon.
             The game lasted 00:09:51 (5578 turns).

pokeman the Magician (Deep Elf Hedge Wizard)        Turns: 5578, Time: 00:09:52

Health: 0/34       AC:  7    Str:  7    XL:     6   Next: 38%
Magic:  10/17      EV: 13    Int: 21    God:
Gold:   1          SH:  0    Dex: 14    Spells: 7/18 levels left

rFire   . . .      SeeInvis .   c - +1 dagger (venom)
rCold   + . .      Faith    .   (no shield)
rNeg    . . .      Spirit   .   b - +0 robe
rPois   .          Reflect  .   h - +1 helmet
rElec   .          Harm     .   k - +2 cloak
rCorr   .          Rampage  .   (no gloves)
Will    .....                   (no boots)
Stlth   ++........              (no amulet)
HPRegen 0.11/turn               v - ring of protection from cold
MPRegen 0.15/turn               (no ring)

@: very slightly contaminated
A: no striking features
a: no special abilities


You were on level 4 of the Dungeon.
You visited 1 branch of the dungeon, and saw 4 of its levels.

You collected 111 gold pieces.
You spent 110 gold pieces at shops.

Inventory:

Hand Weapons
 c - a +1 dagger of venom (weapon)
Armour
 b - a +0 robe (worn)
 h - a +1 helmet (worn)
 k - a +2 cloak (worn)
Magical Staves
 s - a staff of poison
Jewellery
 v - a ring of protection from cold (left hand)
Scrolls
 e - a scroll of immolation {unknown}
 g - a scroll of noise {unknown}
 i - 2 scrolls of enchant armour {unknown}
 l - a scroll of acquirement {unknown}
 m - 2 scrolls of teleportation
 r - 2 scrolls of fear {unknown}
 t - a scroll of fog {unknown}
 u - 2 scrolls of poison {unknown}
 w - a scroll of magic mapping
 x - 2 scrolls of identify
Potions
 a - 4 potions of heal wounds {unknown}
 d - 2 potions of magic
 f - 2 potions of lignification {unknown}
 j - 2 potions of curing {unknown}
 n - a potion of might {unknown}
 o - a potion of flight {unknown}
 p - 2 potions of resistance {unknown}
 q - 3 potions of mutation {unknown}
 z - 2 potions of berserk rage {unknown}


   Skills:
 + Level 1.2 Fighting
 - Level 1.0 Armour
 - Level 3.4 Dodging
 - Level 3.0 Stealth
 * Level 6.5 Spellcasting
 + Level 3.4 Conjurations
 - Level 1.1 Summonings
 - Level 1.1 Translocations
 + Level 1.3 Fire Magic
 - Level 1.0 Air Magic
 - Level 1.1 Poison Magic
 - Level 1.0 Evocations


You had 7 spell levels left.
You knew the following spells:

 Your Spells              Type           Power      Damage    Failure   Level
a - Magic Dart            Conj           84%        1d7       2%          1
b - Mephitic Cloud        Conj/Pois/Air  14%        N/A       13%         3
c - Call Imp              Summ           11%        N/A       9%          2
d - Blink                 Tloc           22%        N/A       9%          2
e - Conjure Flame         Conj/Fire      16%        6-21      11%         3

Your spell library contained the following spells:

 Spells                   Type           Power      Damage    Failure   Level
 Sting                    Tmut/Pois      36%        1d4       8%          1
 Poisonous Vapours        Pois/Air       22%        N/A       9%          2
 Slow                     Hex            24%        N/A       10%         1
 Corpse Rot               Necr/Pois/Air  9%         N/A       56%         4


Dungeon Overview and Level Annotations

Branches:
Dungeon (4/15)
 Temple: D:4-7

Altars:
Hepliaklqana
Sif Muna

Shops:
D:2 *?:?   D:4 ?

Annotations:
D:4 Pikel


Message History

The lemure is engulfed in noxious fumes.
The lemure appears confused.
The goblin cries.
Unknown command.
You hit the lemure.
The lemure is lightly wounded.
The lemure is engulfed in blazing flames.
The lemure hits you.
The goblin is engulfed in noxious fumes.
The goblin appears confused.
The goblin hits the lemure but does no damage.
The lemure barely misses the goblin.
Unknown command.
You hit the lemure but do no damage.
The lemure is poisoned.
The lemure is heavily wounded.
The lemure is engulfed in blazing flames.
The lemure hits you.
Unknown command.
Unknown command.
You strike the helpless lemure from behind!
You puncture the lemure!
You kill the lemure!
That felt strangely unrewarding.
A lemure comes into view.
The lemure closely misses Pikel.
Unknown command.
Unknown command.
The lemure hits Pikel.
Casting: Mephitic Cloud (quite dangerous; 13% risk of failure)
Confirm with . or Enter, or press ? or * to list all spells.
The spell is quite dangerous to miscast (13% risk of failure)!
Continue anyway?
Aiming: Mephitic Cloud (quite dangerous; 13% risk of failure)
Press: ? - help, Shift-Dir - straight line, f - Pikel
Aim: Pikel, wielding a +1 whip of flaming, wearing a +1 robe of cold resistance and carrying a wand of quicksilver (9) (lightly wounded, chance to affect: 72%)
You miscast Mephitic Cloud.
You are very lightly contaminated with residual magic.
Nothing appears to happen.
The goblin barely misses Pikel.
Pikel zaps a wand.
The bolt of dispelling energy hits you!!
Ouch! That really hurt!
You die...

>............# #.#####...
†#.........#)# #.# †#.....#...#.#
#.### †#######..##.# #...# .#
#... #.#.# .# #..## #.#'#########
.# #...# #.5.........# .#
#####'#.# ####K..........# .#
#.......# #.@○g..........# .#
#.......## #.##...........# ##
#........# #.##...5.......###.
########'##.###.##.#..........)..
'.)......##..##.##.#.########....
############.##......# .##. #
#..#.##.### .# # ##.#'##)# .#
#.'∩'..# .#


You could see Pikel, 2 lemures and a goblin (confused).

Vanquished Creatures
  2 lemures (D:4)
  A scorpion (D:3)
  A hound (D:4)
  An iguana (D:4)
  5 orc wizards
  4 adders
  5 dart slugs
  6 orcs (D:4)
  6 endoplasms
  2 giant cockroaches (D:1)
  6 goblins
  9 hobgoblins
  7 jackals
  3 quokkas
  5 ball pythons
  7 bats
  4 frilled lizards
  9 kobolds
  2 rats
85 creatures vanquished.

Notes
Turn   | Place    | Note
-------+----------+-------------------------------------------
     0 | D:1      | pokeman the Deep Elf Hedge Wizard began the quest for the
                  | Orb.
     0 | D:1      | Reached XP level 1. HP: 10/10 MP: 7/7
   142 | D:1      | Found a faded altar of an unknown god.
   313 | D:1      | Reached XP level 2. HP: 16/16 MP: 1/9
  1491 | D:1      | Reached XP level 3. HP: 20/20 MP: 7/11
  1495 | D:1      | Learned a level 3 spell: Mephitic Cloud
  1498 | D:1      | Learned a level 2 spell: Blink
  1501 | D:1      | Learned a level 2 spell: Call Imp
  1505 | D:1      | Learned a level 3 spell: Conjure Flame
  2184 | D:2      | Found Rawk's Magic Scroll Boutique.
  2220 | D:2      | Reached skill level 1 in Armour
  2230 | D:2      | Reached skill level 1 in Fighting
  2245 | D:2      | Found Viunn's Magic Scroll Shop.
  2465 | D:2      | Found Kofim's Assorted Antiques.
  2614 | D:2      | Reached skill level 5 in Spellcasting
  2976 | D:2      | Found Ipibuth's Book Emporium.
  3505 | D:3      | Found a shimmering blue altar of Sif Muna.
  3657 | D:3      | Reached XP level 4. HP: 18/25 MP: 4/13
  3756 | D:3      | Got Sif Muna's Treatise on Blight
  3852 | D:3      | Noticed a scorpion
  3875 | D:3      | Killed a scorpion
  3876 | D:3      | Reached skill level 1 in Fire Magic
  3876 | D:3      | Reached XP level 5. HP: 21/29 MP: 6/15
  4292 | D:3      | Found a hazy altar of Hepliaklqana.
  4900 | D:4      | Reached skill level 1 in Evocations
  5035 | D:4      | Reached skill level 6 in Spellcasting
  5035 | D:4      | Reached skill level 1 in Air Magic
  5046 | D:4      | Reached XP level 6. HP: 34/34 MP: 1/17
  5177 | D:4      | Found Riuph's Magic Scroll Emporium.
  5182 | D:4      | Bought a scroll of magic mapping for 45 gold pieces
  5182 | D:4      | Bought a scroll of identify for 26 gold pieces
  5182 | D:4      | Bought a scroll of teleportation for 39 gold pieces
  5331 | D:4      | Reached skill level 1 in Poison Magic
  5571 | D:4      | Noticed Pikel
  5578 | D:4      | Killed from afar by Pikel

Illustrated notes

Levels and vault maps discovered:
D:1:      lightli_arrival_maybe_door_vault, layout_loops_ring,
          serial_co_window_serial, co_window_paths_b, co_window_corner_a,
          co_window_paths_a, co_window_paths_a, co_window_paths_a,
          co_window_unsneaky_path_e, co_window_paths_c, co_window_corner_cb,
          co_window_corner_ca, co_window_broadway_b, co_window_unsneaky_path_d,
          co_window_corner_cb, glass_columns_a, glass_columns_a,
          glass_columns_b, glass_columns_a, dilly_ecumenical_altar_fadedgnrine
D:2:      layout_basic, serial_shops, shop, nicolae_lakefront_shop,
          nicolae_shop_waterfront, nicolae_shop_behind_doors
D:3:      layout_loops_ring, led_sif_book, nicolae_hepliaklqana_hippocampus,
          dreamdust_princess_bridge
D:4:      layout_basic, serial_shops, nicolae_shop_behind_doors,
          uniq_crazy_yiuf_cottage, uniq_pikel

Skill      XL: |  1  2  3  4  5  6 |
---------------+-------------------+-----
Armour         | 1 |  1.0
Fighting       | 1 |  1.2
Conjurations   | 2 3 |  3.4
Spellcasting   | 5 6 |  6.5
Stealth        | 3 |  3.0
Dodging        | 3 |  3.4
Fire Magic     | 1 |  1.3
Evocations     | 1 |  1.0
Air Magic      | 1 |  1.0
Poison Magic   | 1 |  1.1
Summonings     | |  1.1
Translocations | |  1.1

Action                   |  1- 3 |  4- 6 || total
-------------------------+-------+-------++-------
Melee: Dagger            |    21 |    36 ||    57
 Cast: Magic Dart        |   116 |    83 ||   199
       Blink             |       |     2 ||     2
       Mephitic Cloud    |       |     5 ||     5
       Conjure Flame     |       |     4 ||     4
       Call Imp          |       |     2 ||     2
 Stab: Sleeping          |       |     1 ||     1
       Confused          |       |     2 ||     2
Armor: Robe              |    16 |    23 ||    39
Dodge: Dodged            |    22 |    23 ||    45

Table legend: (Time is in decaauts)
 A = Elapsed time spent in this place.
 B = Non-inter-level travel time spent in this place.
 C = Inter-level travel time spent in this place.
 D = Time resting spent in this place.
 E = Time spent auto-exploring this place.
 F = Levels seen in this place.
 G = Mean time per level.
                   A        B        C        D        E       F      G
               +--------+--------+--------+--------+--------+-----+--------+
         Total |   5576 |   5383 |    193 |    223 |   4589 |   4 | 1394.0 |
       Dungeon |   5576 |   5383 |    193 |    223 |   4589 |   4 | 1394.0 |
               +--------+--------+--------+--------+--------+-----+--------+

Top non-repeatable levels by time:
     D:1: 2123 daAuts
     D:3: 1459 daAuts
     D:2: 1244 daAuts
     D:4: 749 daAuts
